 Dungeon Crawl Stone Soup version 0.19.0-2-gae57169 (webtiles) character file.

418 dobroeutro the Cudgeler (level 6, 0/37 HPs)
             Began as a Gargoyle Fighter on Nov 6, 2016.
             Slain by dobroeutro's ghost (9 damage)
             ... on level 3 of the Dungeon.
             The game lasted 00:02:49 (1929 turns).

dobroeutro the Cudgeler (Gargoyle Fighter)          Turns: 1929, Time: 00:02:50

Health: 0/37       AC: 11    Str: 21    XL:     6   Next: 93%
Magic:  6/6        EV:  7    Int: 12    God:
Gold:   226        SH:  9    Dex: 10    Spells: 0 memorised, 5 levels left

rFire  . . .     SeeInvis .     a - +0 flail
rCold  . . .     Gourm    .     b - +0 scale mail
rNeg   + . .     Faith    .     c - +0 shield
rPois  ∞         Spirit   .     (no helmet)
rElec  +         Reflect  .     (no cloak)
rCorr  .         Harm     .     (no gloves)
MR     .....                    (no boots)
Stlth  ..........               (no amulet)
                                l - +4 ring of intelligence
                                o - ring of loudness (curse)

@: no status effects
A: negative energy resistance 1, electricity resistance, unbreathing,
petrification resistance, rot immunity, AC +4
a: no special abilities


You were on level 3 of the Dungeon.
You were not hungry.

You visited 1 branch of the dungeon, and saw 3 of its levels.
You also visited: Sewer.

You collected 226 gold pieces.

Inventory:

Hand Weapons
 a - a +0 flail (weapon)
Armour
 b - a +0 scale mail (worn)
 c - a +0 shield (worn)
Jewellery
 l - a +4 ring of intelligence (right hand)
 o - a cursed ring of loudness (left hand)
Scrolls
 e - 2 scrolls of teleportation {unknown}
 i - 3 scrolls of remove curse {unknown}
 j - 3 scrolls of amnesia {unknown}
 m - 5 scrolls of identify {unknown}
 n - a scroll of immolation {unknown}
 q - a scroll of enchant weapon {unknown}
Potions
 d - a potion of might
 g - 2 potions of curing
 h - a potion of ambrosia {unknown}
 k - a potion of mutation {unknown}
 s - a potion of heal wounds
 t - a potion of flight
Comestibles
 f - 4 bread rations
 p - 2 slices of pizza
 u - 4 fruits


   Skills:
 - Level 3.2 Fighting
 * Level 7.2 Maces & Flails
 - Level 3.2 Armour
 - Level 3.2 Shields


You had 5 spell levels left.
You didn't know any spells.

Dungeon Overview and Level Annotations

Branches:
Dungeon (3/15)

Altars:
Qazlal

Annotations:
D:3 dobroeutro's ghost, amateur GrFi


Innate Abilities, Weirdness & Mutations

You are resistant to torment.
Your stone body is resilient. (AC +4)
You are immune to poison.
You resist negative energy. (rN+)
You are resistant to electric shocks. (rElec)
You can survive without breathing.
You are immune to petrification.
You are immune to rotting.


Message History

Dobroeutro's ghost is moderately damaged.
Dobroeutro's ghost sneers, "Do you call that fighting?"
Dobroeutro's ghost hits you but does no damage.
You hit dobroeutro's ghost but do no damage.
Dobroeutro's ghost is moderately damaged.
Dobroeutro's ghost hits you.
* * * LOW HITPOINT WARNING * * *
You are too injured to fight recklessly!
You are too injured to fight recklessly!
You are too injured to fight recklessly!
You are too injured to fight recklessly!
You are too injured to fight recklessly!
You are too injured to fight recklessly!
You are too injured to fight recklessly!
You are too injured to fight recklessly!
You are too injured to fight recklessly!
You are too injured to fight recklessly!
Unknown command.
Dobroeutro's ghost hits you!
You die...

###.........# ###...........#
##############...#.....[...#
...............###.........#
#...###....................#
.)......#....#####.........#
................############
>.....#.....###W.#
..#...........##@##
......).......##<.###############
..............###......†........#
.##.##.(......########..........#
.##.##..........................#
.##.###.(.#############.........#
###.# #(### #.........# #
#.###(#### ###########
###...#(...##


You could see dobroeutro's ghost.

Vanquished Creatures
  The ghost of Uberchile the Bolt Thrower, an amateur KoHu (Sewer)
  A big kobold (Sewer)
  An orc priest (D:3)
  Terence (D:3)
  3 adders
  A river rat (Sewer)
  2 worms
  2 dart slugs
  A leopard gecko (D:1)
  5 orcs (D:3)
  5 giant cockroaches
  5 goblins
  7 hobgoblins
  3 jackals
  13 kobolds
  A quokka (D:2)
  5 bats
  5 frilled lizards
  14 rats
76 creatures vanquished.

Notes
Turn   | Place    | Note
-------+----------+-------------------------------------------
     0 | D:1      | dobroeutro the Gargoyle Fighter began the quest for the Orb.
     0 | D:1      | Reached XP level 1. HP: 14/14 MP: 1/1
    77 | D:1      | Reached XP level 2. HP: 9/19 MP: 2/2
   131 | D:1      | Reached skill level 3 in Maces & Flails
   298 | D:1      | Reached XP level 3. HP: 19/23 MP: 3/3
   805 | D:2      | Reached skill level 4 in Maces & Flails
  1072 | D:2      | Reached XP level 4. HP: 28/28 MP: 4/4
  1182 | D:3      | Found a glowing drain.
  1199 | Sewer    | Entered a sewer
  1231 | Sewer    | Noticed Uberchile's ghost (amateur KoHu)
  1321 | Sewer    | Killed Uberchile's ghost
  1321 | Sewer    | Reached skill level 6 in Maces & Flails
  1321 | Sewer    | Reached XP level 5. HP: 18/32 MP: 5/5
  1321 | Sewer    | Reached XP level 6. HP: 21/37 MP: 6/6
  1514 | Sewer    | Found a white marble altar of Elyvilon.
  1580 | D:3      | Noticed Terence
  1588 | D:3      | Killed Terence
  1632 | D:3      | Found a stormy altar of Qazlal.
  1659 | D:3      | Reached skill level 7 in Maces & Flails
  1913 | D:3      | Noticed dobroeutro's ghost (amateur GrFi)
  1929 | D:3      | Slain by dobroeutro's ghost

Skill      XL: |  1  2  3  4  5  6 |
---------------+-------------------+-----
Maces & Flails | 3 4 6 7 |  7.2
Fighting       | |  3.2
Armour         | |  3.2
Shields        | |  3.2

Action                   |  1- 3 |  4- 6 || total
-------------------------+-------+-------++-------
Melee: Flail             |   113 |   136 ||   249
  Use: Potion            |       |     4 ||     4
  Eat: Chunk             |     1 |     3 ||     4
Armor: Scale mail        |    61 |    76 ||   137
Dodge: Dodged            |    35 |    60 ||    95
Block: Shield            |    54 |    92 ||   146
